 Dungeon Crawl Stone Soup version 0.18-a0-1-gfac8111 (webtiles) character file.

2176 kae the Carver (level 9, -8/54 HPs)
             Began as a High Elf Skald on Oct 30, 2015.
             Was an Initiate of Okawaru.
             Mangled by a two-headed ogre
             ... wielding a +0 giant club
              (10 damage)
             ... on level 6 of the Dungeon.
             The game lasted 00:17:59 (11768 turns).

kae the Carver (High Elf Skald)                    Turns: 11768, Time: 00:18:00

Health: -8/54      AC:  6    Str: 11    XL:     9   Next: 11%
Magic:  13/13      EV: 11    Int: 17    God:    Okawaru [......]
Gold:   464        SH:  0    Dex: 18    Spells: 3 memorised, 6 levels left

rFire  . . .     SeeInvis .     y - +6 triple sword of Penk {slice, +Fly rN+ MR+}
rCold  . . .     Clarity  .     b - +0 leather armour
rNeg   + . .     SustAt   .     (no shield)
rPois  +         Gourm    .     (no helmet)
rElec  .         Spirit   .     (no cloak)
rCorr  .         Warding  .     (no gloves)
rMut   .         Stasis   .     h - +2 pair of boots
MR     +....                    (no amulet)
Stlth  +.........               w - ring of wizardry
                                i - ring of poison resistance

@: somewhat resistant to hostile enchantments, very unstealthy
A: no striking features
a: Renounce Religion, Evoke Flight


You were on level 6 of the Dungeon.
You worshipped Okawaru.
Okawaru was noncommittal.
You were not hungry.

You visited 1 branch of the dungeon, and saw 7 of its levels.

You collected 464 gold pieces.

Inventory:

Hand Weapons
 a - a +0 falchion
 y - the +6 triple sword of Penk (weapon) {slice, +Fly rN+ MR+}
   (You acquired it on level 6 of the Dungeon)

   It inflicts extra damage upon your enemies.
   It protects you from negative energy.
   It affects your resistance to hostile enchantments.
   It lets you fly.
Armour
 b - a +0 leather armour (worn)
 h - a +2 pair of boots (worn)
 o - a +2 shield
 p - a +1 plate armour of fire resistance
Jewellery
 i - a ring of poison resistance (left hand)
 w - a ring of wizardry (right hand)
Wands
 e - a wand of frost (30)
 s - a wand of random effects (9)
Scrolls
 f - 3 scrolls of noise
 l - 3 scrolls of fog
 r - 3 scrolls of remove curse
Potions
 j - a potion of mutation {unknown}
 m - 3 potions of cure mutation
 n - a potion of ambrosia
 q - 2 potions of curing
 t - a potion of flight {unknown}
 u - 2 potions of poison
 v - a potion of invisibility {unknown}
 x - a potion of haste {unknown}
 z - a potion of agility {unknown}
 A - a potion of lignification {unknown}
Books
 c - a book of Battle

   Spells                             Type                      Level
   a - Infusion                       Charms                       1
   b - Shroud of Golubria             Charms/Translocation         2
   c - Song of Slaying                Charms                       2
   d - Spectral Weapon                Hexes/Charms                 3
   e - Regeneration                   Charms/Necromancy            3
 C - a book of Changes

   Spells                             Type                      Level
   a - Beastly Appendage              Transmutation                1
   b - Sticks to Snakes               Transmutation                2
   c - Spider Form                    Transmutation/Poison         3
   d - Ice Form                       Ice/Transmutation            4
   e - Blade Hands                    Transmutation                5
Comestibles
 d - 5 bread rations
 g - 2 meat rations


   Skills:
 - Level 2.0 Fighting
 + Level 12.4 Long Blades
 - Level 0.8 Armour
 - Level 1.1 Dodging
 - Level 2.4 Spellcasting
 - Level 7.0 Charms
 - Level 2.3 Necromancy


You had 6 spell levels left.
You knew the following spells:

 Your Spells              Type           Power        Failure   Level  Hunger
a - Infusion              Chrm           ####..       1%          1    #......
b - Shroud of Golubria    Chrm/Tloc      ##........   4%          2    ##.....
c - Regeneration          Chrm/Necr      ###.......   4%          3    ###....


Dungeon Overview and Level Annotations

Branches:
Dungeon (7/15)
 Temple: D:4-7

Altars:
Ashenzari
Fedhas
Gozag
Kikubaaqudgha
Nemelex Xobeh
Okawaru
Qazlal
Ru
Trog
Xom
Zin
The Shining One

Annotations:
D:2 Sigmund
D:3 1 exclusion, Raultor's ghost, amateur OpCj
D:7 Pikel


Message History

You climb downwards.
Level annotation: Pikel The orc shouts! x3
The two-headed ogre barely misses you. The two-headed ogre closely misses you.
There is a stone staircase leading up here.
Unknown command.
Read which item? (? for menu, Esc to quit)
Okay, then.
The orc barely misses you.
The two-headed ogre hits you with a giant club!!
The two-headed ogre hits you with a giant club!
* * * LOW HITPOINT WARNING * * *
The orc wizard hits you with a dagger.
* * * LOW HITPOINT WARNING * * *
You climb upwards.
There is a stone staircase leading down here.
The two-headed ogre hits you with a giant club!
* * * LOW HITPOINT WARNING * * *
The two-headed ogre hits you with a giant club!
You die...

#.......# #.............
#.......# #.<...........
#.......# #########.....
#.......# #.......)..... ##
#.......# #.......#..... .#
#.......# #.......#.....
.######.......#######......#.....
..............#..o.##......#.....
..............'.@o.#.......#.....
..............#..O.##......#.....
..............#....##......#.....
..............#....#.......######
..............#....#........#
.######.......'....#........#
.#....#.......#....##......##
.#....'.......#....##.......#
.#....#.......#.............#####


You could see a two-headed ogre, an orc wizard and an orc.

Vanquished Creatures
  A black bear (D:6)
  2 orc warriors
  4 phantoms
  2 ogres
  4 giant frogs
  A water moccasin zombie (D:6)
  A scorpion (D:6)
  4 hounds
  2 centaur zombies
  3 crimson imps
  A giant frog zombie (D:7)
  An orc wizard (D:6)
  3 jellies
  Jessica (D:2)
  Terence (D:2)
  6 worker ants
  An iguana (D:4)
  A hound skeleton (D:4)
  A worker ant zombie (D:5)
  15 adders
  A gnoll (D:3)
  2 oozes
  An adder skeleton (D:5)
  2 adder zombies
  2 worms
  6 giant geckos
  13 orcs
  8 bats
  12 giant cockroaches
  5 goblins
  9 hobgoblins
  23 jackals
  10 kobolds
  3 quokkas
  A ball python (D:3)
  9 giant newts
  A jackal skeleton (D:6)
  A quokka skeleton (D:4)
  8 rats
172 creatures vanquished.

Vanquished Creatures (others)
  A fungus (D:4)
1 creature vanquished.

Grand Total: 173 creatures vanquished

Notes
Turn   | Place    | Note
--------------------------------------------------------------
     0 | D:1      | kae the High Elf Skald began the quest for the Orb.
     0 | D:1      | Reached XP level 1. HP: 14/14 MP: 4/4
    86 | D:1      | Reached skill level 4 in Charms
   290 | D:1      | Reached XP level 2. HP: 17/19 MP: 6/6
   794 | D:2      | Reached skill level 5 in Charms
   860 | D:2      | Noticed Jessica
   885 | D:2      | Reached XP level 3. HP: 16/24 MP: 2/7
  1814 | D:2      | Killed Jessica
  1882 | D:2      | Noticed Sigmund
  1905 | D:2      | Reached XP level 4. HP: 10/29 MP: 0/8
  2284 | D:2      | Reached skill level 6 in Charms
  2761 | D:2      | Noticed Terence
  2802 | D:3      | Found a shimmering altar of Xom.
  2938 | D:3      | Learned a level 2 spell: Shroud of Golubria
  2942 | D:3      | Learned a level 3 spell: Regeneration
  3010 | D:3      | Noticed Raultor's ghost (amateur OpCj)
  3524 | D:3      | Found a sparkling altar of Nemelex Xobeh.
  3587 | D:3      | Reached XP level 5. HP: 31/34 MP: 4/9
  3711 | D:3      | Found a glowing silver altar of Zin.
  3750 | D:3      | Reached skill level 7 in Charms
  3945 | D:3      | Reached skill level 1 in Necromancy
  4436 | D:2      | Killed Terence
  4742 | D:4      | Reached XP level 6. HP: 25/39 MP: 10/10
  5741 | D:5      | Entered Level 5 of the Dungeon
  5808 | D:5      | Reached skill level 5 in Long Blades
  6548 | D:5      | Reached XP level 7. HP: 45/45 MP: 1/11
  6681 | D:5      | HP: 2/45 [phantom (7)]
  6686 | D:5      | HP: 1/45 [orc (2)]
  6929 | D:5      | Found a stormy altar of Qazlal.
  8227 | D:5      | Reached skill level 8 in Long Blades
  8517 | D:5      | Found an ancient bone altar of Kikubaaqudgha.
  8536 | D:5      | Found an opulent altar of Gozag.
  8538 | D:5      | Found a glowing golden altar of the Shining One.
  8539 | D:5      | Found an iron altar of Okawaru.
  8541 | D:5      | Found a shattered altar of Ashenzari.
  8592 | D:5      | Found a blossoming altar of Fedhas.
  8843 | D:6      | Reached skill level 9 in Long Blades
  8843 | D:6      | Reached XP level 8. HP: 45/50 MP: 3/12
  9667 | D:6      | Reached skill level 10 in Long Blades
  9906 | D:6      | Found a shattered altar of Ashenzari.
  9929 | D:6      | Found a sacrificial altar of Ru.
 10345 | D:6      | Identified a scroll of acquirement
 10346 | D:6      | Got a twisted triple sword
 10347 | D:6      | Identified the +6 triple sword of Penk {slice, +Fly rN+ MR+} (You acquired it on level 6 of the Dungeon)
 10353 | D:6      | Reached skill level 11 in Long Blades
 10753 | D:5      | Became a worshipper of Warmaster Okawaru
 10969 | D:7      | Found a bloodstained altar of Trog.
 11205 | D:7      | Noticed a two-headed ogre
 11229 | D:6      | Reached skill level 12 in Long Blades
 11229 | D:6      | Reached XP level 9. HP: 28/54 MP: 13/13
 11512 | D:7      | Noticed Pikel
 11768 | D:6      | HP: 2/54 [two-headed ogre/giant club (11)]
 11768 | D:6      | Mangled by a two-headed ogre

Vault maps used:
D:1:      lightli_arrival_boilingwater
D:2:      first_bread, uniq_sigmund, uniq_jessica, uniq_terence
D:3:      lemuel_doored_altar, old_standard_altar, xom_butterflies, tgw_sif,
          minmay_misc_feat_alley, minmay_surrounded
D:4:      minmay_gold_behind_fungi
D:5:      fedhas_altar_4, minitemple, nicolae_overflow_crystal_walls
D:6:      overflow_temple_1_default, ashenzari_altar_1
D:7:      hangedman_cross_stitches, bloody_trog,
          minmay_temple_entry_from_below_b, uniq_menkaure, uniq_pikel

Action                   |  1- 3 |  4- 6 |  7- 9 || total
-------------------------+-------+-------+-------++-------
Melee: Falchion          |   125 |   394 |   351 ||   870
       Triple sword      |       |       |    49 ||    49
 Cast: Infusion          |     7 |    20 |    19 ||    46
       Shroud of Golubri |       |     3 |     6 ||     9
       Regeneration      |       |     1 |     5 ||     6
  Use: Scroll            |     5 |     8 |     8 ||    21
 Stab: Sleeping          |     1 |     2 |       ||     3
  Eat: Chunk             |     3 |    13 |    14 ||    30
       Royal jelly       |       |     1 |       ||     1
       Pizza             |       |       |     2 ||     2
       Meat ration       |       |       |     1 ||     1
